 Dungeon Crawl Stone Soup version 0.19-a0-1626-g5215c36 (webtiles) character file.

62 wazuzu the Twirler (level 3, -3/29 HPs)
             Began as a Draconian Gladiator on Sept 18, 2016.
             Slain by a gnoll
             ... wielding a cursed -1 spear
              (6 damage)
             ... on level 2 of the Dungeon.
             The game lasted 00:04:15 (1505 turns).

wazuzu the Twirler (Draconian Gladiator)            Turns: 1505, Time: 00:04:15

Health: -3/29      AC:  5    Str: 17    XL:     3   Next: 85%
Magic:  3/3        EV: 13    Int:  8    God:
Gold:   86         SH:  0    Dex: 12    Spells: 0 memorised, 2 levels left

rFire  . . .     SeeInvis .     a - +0 quarterstaff
rCold  . . .     Gourm    .     (armour unavailable)
rNeg   . . .     Faith    .     (shield currently unavailable)
rPois  .         Spirit   .     b - +0 hat
rElec  .         Dismiss  .     (no cloak)
rCorr  .         Reflect  .     (no gloves)
MR     .....     Harm     .     (no boots)
Stlth  +.........               (no amulet)
                                (no ring)
                                (no ring)

@: no status effects
A: unfitting armour, cold-blooded, AC +5
a: no special abilities


You were on level 2 of the Dungeon.
You were not hungry.

You visited 1 branch of the dungeon, and saw 2 of its levels.

You collected 86 gold pieces.

Inventory:

Hand Weapons
 a - a +0 quarterstaff (weapon)
Missiles
 c - 3 throwing nets (quivered)
Armour
 b - a +0 hat (worn)
Jewellery
 p - an uncursed amulet of rage {unknown}
Scrolls
 e - a scroll of remove curse {unknown}
 f - a scroll of immolation {unknown}
 h - a scroll of amnesia {unknown}
 i - 2 scrolls of magic mapping {unknown}
 j - a scroll of enchant armour {unknown}
 k - a scroll of random uselessness {unknown}
 q - a scroll of fog {unknown}
 r - a scroll of identify {unknown}
Potions
 g - a potion of agility {unknown}
 l - a potion of ambrosia {unknown}
 n - a potion of curing {unknown}
Comestibles
 d - 2 bread rations
 m - 3 chunks of flesh
 o - a meat ration


   Skills:
 - Level 2.1 Fighting
 + Level 4.8 Staves
 - Level 1.7 Throwing
 - Level 2.6 Dodging


You had 2 spell levels left.
You didn't know any spells.

Dungeon Overview and Level Annotations

Branches:
Dungeon (2/15)

Altars:


Innate Abilities, Weirdness & Mutations

Your plain brown scales are hard. (AC +5)
Your body does not fit into most forms of armour.
You are cold-blooded and may be slowed by cold attacks.


Message History

The gnoll is moderately wounded.
The gnoll completely misses you. x2
You completely miss the gnoll.
You tail-slap the gnoll, but do no damage.
The gnoll is moderately wounded.
The gnoll hits you but does no damage. x2
You closely miss the gnoll.
The gnoll is moderately wounded.
The gnoll hits you with a spear.
* * * LOW HITPOINT WARNING * * *
The gnoll barely misses you.
You are too injured to fight recklessly!
You are too injured to fight recklessly!
You are too injured to fight recklessly!
You barely miss the gnoll.
The gnoll is moderately wounded.
The gnoll hits you with a spear.
* * * LOW HITPOINT WARNING * * *
The gnoll hits you from afar with a spear.
You die...

#.# #g.... #.#
####ggg..... #.#
#.....# #.# #.#
##...# #.#
##.r###
##.###...#
##..##...##
#...###..#
#..@###.##
#.>[#...######
###
#...gg.........
...
#.†.#.#########
### #.....#
##### ####.##
#.... #.#
####.### ##.#
#####....#
#..####.....####


You could see a gnoll.

Vanquished Creatures
  A gnoll (D:2)
  An adder (D:2)
  A dart slug (D:1)
  2 leopard geckos
  A ball python (D:1)
  2 giant cockroaches (D:1)
  4 hobgoblins
  9 jackals
  3 kobolds
  A quokka (D:2)
  2 bats (D:2)
  3 frilled lizards
  A goblin (D:1)
  7 rats
38 creatures vanquished.

Notes
Turn   | Place    | Note
-------+----------+-------------------------------------------
     0 | D:1      | wazuzu the Draconian Gladiator began the quest for the Orb.
     0 | D:1      | Reached XP level 1. HP: 17/17 MP: 1/1
   218 | D:1      | Reached XP level 2. HP: 15/24 MP: 2/2
  1021 | D:2      | Reached skill level 4 in Staves
  1195 | D:2      | Reached XP level 3. HP: 20/29 MP: 3/3
  1505 | D:2      | Slain by a gnoll

Vault maps used:
D:1:      saegor_arrival_simple_d
D:2:      kennysheep_slug_shrine, first_bread, minmay_lizard_king

Skill      XL: |  1  2 |
---------------+-------+-----
Staves         | 4 |  4.8
Fighting       | |  2.1
Throwing       | |  1.7
Dodging        | |  2.6

Action                   || total
-------------------------++-------
Melee: Quarterstaff      ||   133
       Tailslap          ||    10
 Stab: Sleeping          ||     1
  Eat: Chunk             ||     2
Armor: Skin              ||    57
Dodge: Dodged            ||   102
